 Dungeon Crawl Stone Soup version 0.31-a0-1074-g0b22e4e0f1 (webtiles) character file.

Game seed: 2693591387921883742

111 BigPumpCobain the Ruffian (level 4, -1/41 (42) HPs)
             Began as a Troll Shapeshifter on Dec 8, 2023.
             Was an Initiate of Yredelemnul.
             Frozen to death by an endoplasm (2 damage)
             ... on level 4 of the Dungeon.
             The game lasted 00:03:20 (1809 turns).

BigPumpCobain the Ruffian (Troll Shapeshifter)      Turns: 1809, Time: 00:03:21

HP:   -1/41 (42)    AC:  4    Str: 24    XL:     4   Next: 62%
MP:   3/3           EV:  9    Int:  6    God:    Yredelemnul [......]
Gold: 175           SH:  0    Dex:  9    Spells: 3/3 levels left

rFire   . .          .
                       - Unarmed
rCold   + . .        (no shield)
rNeg    + . .        a - +0 animal skin
rPois   .            (helmet currently unavailable)
rElec   .            (cloak currently unavailable)
rCorr   .            (gloves unavailable)
SInv    .            (boots unavailable)
Will    .....        (no amulet)
Stlth   +            e - ring of protection from cold
HPRegen 1.06/turn    l - ring of positive energy
MPRegen 0.08/turn

%: no passive effects
@: lethally poisoned (-1 -> -2), beast-form, lightly drained
A: beast (slay +2), large, unfitting armour, claws 3, regeneration 1, shaggy fur
1, tough skin 1
a: Begin Untransformation, Renounce Religion, Recall Undead Harvest


You were on level 4 of the Dungeon.
You worshipped Yredelemnul.
Yredelemnul was noncommittal.
You were a hulking beast.
You visited 1 branch of the dungeon, and saw 4 of its levels.

You collected 175 gold pieces.

Inventory:

Hand Weapons
 h - a +1 whip of freezing
Missiles
 p - 4 poisoned darts
Armour
 a - a +0 animal skin (worn)
Jewellery
 e - a ring of protection from cold (left claw)
 l - a ring of positive energy (right claw)
 o - a ring of wizardry
Talismans
 c - a beast talisman
 d - a flux talisman
Scrolls
 g - a scroll of fear
 i - 6 scrolls of identify {unknown}
 k - a scroll of poison {unknown}
 m - a scroll of teleportation
 n - a scroll of blinking {unknown}
Potions
 b - a potion of lignification
 f - a potion of cancellation {unknown}
 j - a potion of haste {unknown}


   Skills:
 + Level 1.8 Fighting
 - Level 1.5 Dodging
 * Level 4.4 Unarmed Combat
 + Level 3.6 Shapeshifting


You had 3 spell levels left.
You didn't know any spells.
Your spell library was empty.

Dungeon Overview and Level Annotations

Branches:
Dungeon (4/15)
 Temple: D:4-7

Altars:
Yredelemnul

Shops:
D:4 !


Innate Abilities, Weirdness & Mutations

You are a hulking beast.
Your limbs bulge with bestial killing power. (Slay +2)
You are too large for most types of armour.
You have claws for hands.
Your natural rate of healing is unusually fast.
You are covered in fur. (AC +1)
You have tough skin. (AC +1)


Message History

You are frozen.
You resist.
The phantom hits you but does no damage.
You're too confused to move!
You feel less confused.
You feel sick.
The endoplasm hits you but does no damage.
The phantom hits you.
The phantom blinks!
You blink.
You feel sick. The phantom attacks as it pursues you!
The phantom hits you but does no damage.
Something hits you but does no damage.
You are more poisoned.
You scratch the phantom.
The phantom is moderately damaged.
You feel very sick.
A goblin comes into view. It is wielding a +0 dagger.
Something hits you. The orc closely misses you. The phantom hits you.
* * * LOW HITPOINT WARNING * * *
You claw the orc!
You kill the orc!
You feel sick. The endoplasm closely misses you.
The phantom hits you but does no damage.
You claw the orc wizard!
The orc wizard is severely wounded.
You feel sick.
The endoplasm hits you but does no damage.
The orc priest hits you with a +1 flail of draining.
* * * LOW HITPOINT WARNING * * *
You partially resist.
You feel drained.
The orc wizard hits you with a +0 dagger.
* * * LOW HITPOINT WARNING * * *
The phantom hits you but does no damage.
You claw the orc wizard!
You kill the orc wizard!
The dead are walking!
* * * LOW HITPOINT WARNING * * *
You feel sick. The endoplasm freezes you.
You are frozen.
You resist.
You die...
Your body rises from the dead as a mindless zombie.

#####
#...#####
+........
#......
#...#
####oW.##
#...Jh..#
#...o)Z.#
#.......g..
#........###
#......∩.#
#.....)..#
........##
......!.!#
........#


You could see a phantom, an orc priest, an orc, an endoplasm, a goblin (ally
target) and a friendly orc wizard zombie.

Vanquished Creatures
  An orc priest (D:3)
  An orc wizard (D:4)
  2 adders
  A gnoll (D:1)
  A worm (D:2)
  5 orcs (D:4)
  5 endoplasms
  5 giant cockroaches
  3 goblins
  3 hobgoblins
  2 jackals (D:1)
  5 kobolds
  A quokka (D:3)
  A ball python (D:1)
  3 bats
  2 frilled lizards
  3 rats
44 creatures vanquished.

Notes
Turn   | Place    | Note
-------+----------+-------------------------------------------
     0 | D:1      | BigPumpCobain the Troll Shapeshifter began the quest for
                  | the Orb.
     0 | D:1      | Reached XP level 1. HP: 18/18 MP: 0/0
   156 | D:1      | Reached skill level 1 in Fighting
   158 | D:1      | Reached XP level 2. HP: 22/27 MP: 1/1
   488 | D:2      | Reached XP level 3. HP: 33/33 MP: 2/2
  1296 | D:3      | Reached skill level 4 in Unarmed Combat
  1497 | D:4      | Reached XP level 4. HP: 41/41 MP: 3/3
  1539 | D:3      | Found a faded altar of an unknown god.
  1738 | D:3      | Prayed at the altar of an unknown god.
  1738 | D:3      | Became a worshipper of Yredelemnul the Dark
  1738 | D:3      | Reached * piety under Yredelemnul
  1796 | D:4      | Noticed a phantom
  1796 | D:4      | Found Noffats's Distillery.
  1808 | D:4      | HP: 1/41 [orc wizard/+0 dagger (2)]
  1809 | D:4      | Frozen to death by an endoplasm

Illustrated notes

Levels and vault maps discovered:
D:1:      nzn_arrival_crosshair, layout_rooms
D:2:      layout_loops_ring, kennysheep_another_room, grunt_decor_one_mirror
D:3:      layout_loops_ring, hellmonk_ecumenical_altar_slurped_away,
          amcnicky_mini_rare_corridor_liquid
D:4:      layout_basic, kennysheep_slug_shrine, minmay_temple_entry_fiery,
          serial_shops, shop, uniq_sigmund, uniq_robin

Skill      XL: |  1  2  3 |
---------------+----------+-----
Fighting       | 1 |  1.8
Unarmed Combat | 4 |  4.4
Dodging        | |  1.5
Shapeshifting  | |  3.6

Action                     |  1- 3 |  4- 6 || total
---------------------------+-------+-------++-------
  Melee: Unarmed           |    75 |    20 ||    95
    Use: Scroll            |     2 |       ||     2
 Armour: Animal skin       |    53 |    25 ||    78
  Dodge: Dodged            |    30 |     9 ||    39

Table legend: (Time is in decaauts)
 A = Elapsed time spent in this place.
 B = Non-inter-level travel time spent in this place.
 C = Inter-level travel time spent in this place.
 D = Time resting spent in this place.
 E = Time spent auto-exploring this place.
 F = Levels seen in this place.
 G = Mean time per level.
                   A        B        C        D        E       F      G
               +--------+--------+--------+--------+--------+-----+--------+
         Total |   1803 |   1712 |     91 |      3 |   1402 |   4 |  450.8 |
       Dungeon |   1803 |   1712 |     91 |      3 |   1402 |   4 |  450.8 |
               +--------+--------+--------+--------+--------+-----+--------+

Top non-repeatable levels by time:
     D:3: 732 daAuts
     D:2: 573 daAuts
     D:1: 466 daAuts
     D:4: 31 daAuts
